 Dungeon Crawl Stone Soup version 0.31-a0-1300-gb6740aa4e6 (console) character file.

Game seed: 15079255552851656433

137 petzl the Sneak (level 5, 0/41 HPs)
             Began as a Formicid Delver on Dec 18, 2023.
             Slain by a gnoll
             ... wielding a +0 halberd
             ... led by a gnoll sergeant
              (6 damage)
             ... on level 5 of the Dungeon.
             The game lasted 00:07:58 (957 turns).

petzl the Sneak (Formicid Delver)                    Turns: 957, Time: 00:07:59

Health: 0/41       AC:  6    Str: 17    XL:     5   Next: 44%
Magic:  12/12      EV: 10    Int: 11    God:
Gold:   67         SH:  0    Dex: 15    Spells: 13/13 levels left

rFire   . . .        a - +3 spear (vamp) {!f =f}
rCold   . . .        (no shield)
rNeg    . . .        i - +0 scale mail
rPois   .            (helmet unavailable)
rElec   .            (no cloak)
rCorr   .            (no gloves)
SInv    +            (no boots)
Will    .....        (no amulet)
Stlth   ++           (no ring)
HPRegen 0.26/turn    (no ring)
MPRegen 0.13/turn

%: no passive effects
@: no status effects
A: permanent stasis, dig shafts and tunnels, antennae 3, four strong arms
a: Dig, Shaft Self


You were on level 5 of the Dungeon.
You visited 2 branches of the dungeon, and saw 6 of its levels.

You collected 67 gold pieces.

Inventory:

Hand Weapons
 a - a +3 vampiric spear (weapon) {!f =f}
 m - a +1 heavy hand axe {!f =f}
Missiles
 l - 3 poisoned darts (quivered)
Armour
 b - a +0 leather armour
 i - a +0 scale mail (worn)
 n - an orb of light
Scrolls
 c - a scroll of fog
 d - a scroll of revelation
 f - a scroll of blinking {unknown}
 g - a scroll of vulnerability
 h - a scroll of teleportation
 k - a scroll of enchant armour
Potions
 o - a potion of curing {unknown}


   Skills:
 + Level 3.3 Fighting
 - Level 2.0 Maces & Flails
 + Level 1.7 Dodging
 - Level 6.0 Stealth
 + Level 4.6 Spellcasting


You had 13 spell levels left.
You didn't know any spells.
Your spell library was empty.

Dungeon Overview and Level Annotations

Branches:
Dungeon (9/15)             Temple (1/1) D:5
   Lair: D:8-11         Orc: D:9-12

Altars:
Cheibriados
Elyvilon
Kikubaaqudgha
Makhleb
Nemelex Xobeh
Ru
Uskayaw
Wu Jian
Zin

Annotations:
D:6 exclusion: 2 downstairs
D:8 exclusion: upstairs


Innate Abilities, Weirdness & Mutations

You cannot be hasted, slowed, berserked, paralysed or teleported.
You can dig through walls and to a lower floor.
You have a pair of large antennae on your head. (SInv)
Your four strong arms can wield two-handed weapons with a shield.


Message History

The adder hisses angrily.
You climb downwards.
Welcome back to the Ecumenical Temple!
There is a staircase back to the Dungeon, spattered with blood here.
You see here a jackal corpse.
You hit the ogre.
You feel better.
The ogre is lightly wounded.
The ogre barely misses you.
You barely miss the ogre.
The ogre is lightly wounded.
You hit the ogre.
The ogre is moderately wounded.
The ogre hits you with a +0 giant spiked club!!
Ouch! That really hurt!
* * * LOW HITPOINT WARNING * * *
As you read the scroll of fear, it crumbles to dust.
You assume a fearsome visage.
The ogre looks frightened!
The ogre pleads, "Please don't kill me!"
You start resting.
An ogre is nearby!
Okay, then.
Okay, then.
Unknown command.
Unknown command.
Unknown command.
Unknown command.
Okay, then.
Unknown command.
Okay, then.
Unknown command.
As you read the scroll labelled VAROINN ONYDE, it crumbles to dust.
You feel a strange sense of stasis.
It was a scroll of teleportation.
As you read the scroll labelled BEFOSIW TENE, it crumbles to dust.
It is a scroll of identify.
k - a scroll of enchant armour
As you read the scroll of identify, it crumbles to dust.
g - a scroll of vulnerability You climb upwards.
The ogre closely misses you. The phantom hits you.
* * * LOW HITPOINT WARNING * * *
The gnoll hits you from afar with a +0 halberd.
You die...

##### .############....
.# .........Ogg.g### {
.# .........g##### .##
..#.####.{# .. .( #{.#
##.# . #..# #.. #..#
#.# #..# #.# #.W#
##>########### g
#...##.......# ##
,#)#.##..~§§.=# #.
........#....~~§§~.##.#
#.######.
##....#####.~~§O~§~g.##
......... ......,
#?..§§~@~§~...#
..######.
.#.##.......~§~~Wg§.##.
#. # #.#####..~§§§o.##
#. #...~~~..# #.
#..#####o# #. #..# ,S..
#. #... ,#g. #. .. ...
#. #. #. #. ## # # # #
# # #


You could see an ogre, a phantom, a gnoll sergeant, an orc priest, 2 gnolls, an
adder and an orc.

Vanquished Creatures
  An orc priest (D:6)
  An iguana (Temple)
  An orc wizard (D:5)
  3 gnolls
  An adder (D:6)
  5 orcs
  4 jackals (Temple)
16 creatures vanquished.

Notes
Turn   | Place    | Note
-------+----------+-------------------------------------------
     0 | D:5      | petzl the Formicid Delver began the quest for the Orb.
     0 | D:5      | Reached XP level 1. HP: 18/18 MP: 1/1
    82 | D:5      | Noticed a gnoll bouda
    83 | D:5      | Noticed an ogre
    87 | D:5      | Noticed a phantom
    93 | D:5      | You fall into a shaft and drop 3 floors!
   214 | D:8      | Noticed a bullfrog
   231 | D:7      | Noticed a wight
   231 | D:7      | Noticed a wight
   231 | D:7      | Noticed an orc priest
   233 | D:7      | Noticed a wight
   234 | D:7      | Noticed a wight
   251 | D:8      | Noticed a water moccasin
   258 | D:8      | Found a snail-covered altar of Cheibriados.
   271 | D:7      | Found a hide-covered altar of Uskayaw.
   385 | D:7      | Reached skill level 1 in Spellcasting
   385 | D:7      | Reached XP level 2. HP: 24/24 MP: 1/4
   495 | D:7      | Noticed a bullfrog
   531 | D:7      | Noticed a wight
   532 | D:7      | Noticed a water moccasin
   560 | D:6      | Reached XP level 3. HP: 20/29 MP: 4/7
   666 | D:6      | Reached XP level 4. HP: 33/35 MP: 9/9
   674 | D:5      | Found a staircase to the Ecumenical Temple.
   686 | D:5      | Noticed a gnoll sergeant
   690 | Temple   | Entered the Ecumenical Temple
   730 | Temple   | Reached XP level 5. HP: 41/41 MP: 11/11
   889 | D:5      | Noticed an ogre
   957 | D:5      | Slain by a gnoll

Illustrated notes

Levels and vault maps discovered:
D:5:      layout_loops_ring, minmay_temple_entry_mist,
          chequers_serial_rivers_marsh, chequers_serial_rivers_large_b,
          nicolae_goblin_pals
D:6:      minmay_flawed_box, layout_loops_ring, regret_index_temple_of_mockery,
          mainiacjoe_overflow_alcove_1, uniq_crazy_yiuf_cottage, uniq_eustachio,
          uniq_jeremiah
D:7:      gammafunk_beogh_shrine, layout_cave_pools, tso_altar,
          nicolae_uskayaw_murder_on_the_dancefloor
D:8:      layout_basic, lemuel_coloured_pillars_altar,
          mainiacjoe_overflow_six_doors_small, nicolae_transporter_circle
D:9:      layout_rooms, serial_shops, shop, uniq_harold, uniq_gastronok
Temple:   nicolae_temple_ecumenical_triangle

Skill      XL: |  1  2  3  4 |
---------------+-------------+-----
Spellcasting   | 1 3 4 |  4.6
Fighting       | |  3.3
Maces & Flails | |  2.0
Dodging        | |  1.7
Stealth        | |  6.0

Action                     |  1- 3 |  4- 6 || total
---------------------------+-------+-------++-------
  Melee: Mace              |    26 |     7 ||    33
         Spear             |       |    45 ||    45
         Punch             |       |     1 ||     1
  Throw: Dart              |     2 |       ||     2
Ability: Shaft Self        |     1 |       ||     1
  Evoke: Wand              |     3 |       ||     3
    Use: Scroll            |       |     4 ||     4
 Armour: Leather armour    |     3 |       ||     3
         Scale mail        |    23 |    66 ||    89
  Dodge: Dodged            |    18 |    42 ||    60

Table legend: (Time is in decaauts)
 A = Elapsed time spent in this place.
 B = Non-inter-level travel time spent in this place.
 C = Inter-level travel time spent in this place.
 D = Time resting spent in this place.
 E = Time spent auto-exploring this place.
 F = Levels seen in this place.
 G = Mean time per level.
                   A        B        C        D        E       F      G
               +--------+--------+--------+--------+--------+-----+--------+
         Total |    983 |    983 |      0 |    310 |     80 |   6 |  163.8 |
       Dungeon |    723 |    723 |      0 |    164 |     80 |   5 |  144.6 |
        Temple |    260 |    260 |      0 |    146 |      0 |   1 |  260.0 |
               +--------+--------+--------+--------+--------+-----+--------+

Top non-repeatable levels by time:
  Temple: 260 daAuts
     D:7: 235 daAuts
     D:6: 172 daAuts
     D:8: 148 daAuts
     D:5: 142 daAuts
     D:9: 24 daAuts
